 Dungeon Crawl Stone Soup version 0.27-a0-1137-g3ef0f4ec91 (webtiles) character file.

Game seed: 4470062996790618357

21 kae the Skirmisher (level 2, 24/24 HPs)
             Began as a Demonspawn Abyssal Knight on May 6, 2021.
             Was a Follower of Lugonu.
             Quit the game on level 1 of the Dungeon.
             The game lasted 00:00:36 (804 turns).

kae the Skirmisher (Demonspawn Abyssal Knight)       Turns: 804, Time: 00:00:37

Health: 24/24      AC:  3    Str: 12    XL:     2   Next: 62%
Magic:  3/3        EV: 11    Int: 15    God:    Lugonu [*.....]
Gold:   29         SH:  0    Dex: 12    Spells: 1/1 levels left

rFire    . . .     SeeInvis .   a - +1 falchion
rCold    . . .     Faith    .   (no shield)
rNeg     . . .     Spirit   .   b - +0 leather armour
rPois    .         Reflect  .   (no helmet)
rElec    .         Harm     .   (no cloak)
rCorr    .         Rampage  .   (no gloves)
Will     .....                  (no boots)
Stlth    +.........             (no amulet)
HPRegen  0.08/turn              g - ring of wizardry
MPRegen  0.08/turn              (no ring)

@: no status effects
A: big brain 1
a: Renounce Religion, Depart the Abyss


You were on level 1 of the Dungeon.
You worshipped Lugonu.
Lugonu was aware of your devotion.
You visited 1 branch of the dungeon, and saw 2 of its levels.
You visited the Abyss 1 time.

You collected 29 gold pieces.

Inventory:

Hand Weapons
 a - a +1 falchion (weapon)
Armour
 b - a +0 leather armour (worn)
Jewellery
 g - a ring of wizardry (left hand)
Scrolls
 h - a scroll of fog {unknown}
 i - a scroll of fear {unknown}
 j - a scroll of identify {unknown}
Potions
 c - a potion of haste {unknown}
 d - a potion of might {unknown}
 e - a potion of magic {unknown}
 f - a potion of curing {unknown}


   Skills:
 - Level 3.0 Fighting
 + Level 3.0 Long Blades
 - Level 1.7 Armour
 - Level 0.8 Dodging
 - Level 2.4 Invocations


You had one spell level left.
You didn't know any spells.
Your spell library contained the following spells:

 Spells                   Type           Power      Damage    Failure   Level
 Confusing Touch          Hex            0%         N/A       38%         3
 Gell's Gravitas          Tloc           0%         N/A       38%         3
 Petrify                  Tmut/Erth      0%         N/A       77%         4
 Metabolic Englaciation   Hex/Ice        0%         N/A       97%         5
 Yara's Violent Unravell  Hex/Tmut       0%         3d3       97%         5


Dungeon Overview and Level Annotations

Branches:
Dungeon (2/15)

Altars:


Innate Abilities, Weirdness & Mutations

You have an unusually large brain. (Int +2)


Message History

You kill the jackal!
Lugonu accepts your kill.
There are monsters nearby!
There are monsters nearby!
You hit the jackal but do no damage.
The jackal bites you but does no damage.
You closely miss the jackal. The jackal closely misses you.
The jackal bites you but does no damage.
There are monsters nearby!
You hit the jackal but do no damage.
The jackal bites you but does no damage.
The jackal barely misses you.
You riposte.
You hit the jackal but do no damage. You slash the jackal!
You kill the jackal!
Lugonu accepts your kill.
The jackal bites you but does no damage.
There are monsters nearby!
You hit the jackal.
The jackal is severely wounded.
The jackal bites you but does no damage.
The jackal barely misses you.
You hit the jackal.
You kill the jackal!
Lugonu accepts your kill.
A jackal is nearby!
You hit the jackal.
The jackal is almost dead.
The jackal closely misses you.
You riposte.
You hit the jackal.
You kill the jackal!
Lugonu accepts your kill.
Your Long Blades skill increases to level 3!
No target in view!
A goblin comes into view. It is wielding a +0 club.
Things that are here:
a jackal corpse; a jackal corpse The goblin shouts!
Found a scroll labelled BYRRYGE BYTS.
You see here 9 gold pieces.
A goblin is nearby!
Are you sure you want to abandon this character and quit the game? (Confirm with "yes".)

#... ##....##.........
#.. ####.##.........
##########..#.........
....................
#####....####...........
.........# ###........#
?8.⌠.8...# #.........
....g....# #.........
.⌠._.⌠.@.######.........
.........†..........^...
.8.⌠.8...######.........
.........# ##.......#
.####....# ##.....##
#....# ####### ######


You could see a goblin.

Vanquished Creatures
  An adder (D:2)
  2 hobgoblins (D:1)
  4 jackals (D:1)
  A frilled lizard (D:1)
  A goblin (D:1)
  A kobold (D:1)
  2 rats (D:1)
12 creatures vanquished.

Notes
Turn   | Place    | Note
-------+----------+-------------------------------------------
     0 | Abyss:1  | kae the Demonspawn Abyssal Knight began the quest for the
                  | Orb.
     0 | Abyss:1  | Reached XP level 1. HP: 18/18 MP: 2/2
   103 | Abyss:1  | Noticed a tentacled starspawn
   106 | Abyss:1  | Noticed a rakshasa
   121 | D:1      | Escaped the Abyss
   292 | D:1      | Reached * piety under Lugonu
   486 | D:1      | You fall into a shaft and drop 1 floor!
   609 | D:2      | Gained mutation: You have an unusually large brain. (Int
                  | +2) [demonic ancestry]
   609 | D:2      | Reached XP level 2. HP: 14/24 MP: 3/3
   791 | D:1      | Found a faded altar of an unknown god.
   804 | D:1      | Quit the game

Illustrated notes

Levels and vault maps discovered:
D:1:      giann_forest_graveyard, layout_rooms,
          hellmonk_ecumenical_altar_dog_temple, minmay_pentomino_o2
D:2:      minmay_wonky_spiral, layout_basic, grunt_decor_cap

Skill      XL: |  1  2 |
---------------+-------+-----
Long Blades    | 2 3 |  3.0
Fighting       | |  3.0
Armour         | |  1.7
Dodging        | |  0.8
Invocations    | |  2.4

Action                   || total
-------------------------++-------
Melee: Falchion          ||    41
Invok: Depart the Abyss  ||     1
Armor: Leather armour    ||    14
Dodge: Dodged            ||    26
       Rpst.: Falchion   ||     9

Table legend: (Time is in decaauts)
 A = Elapsed time spent in this place.
 B = Non-inter-level travel time spent in this place.
 C = Inter-level travel time spent in this place.
 D = Time resting spent in this place.
 E = Time spent auto-exploring this place.
 F = Levels seen in this place.
 G = Mean time per level.
                   A        B        C        D        E       F      G
               +--------+--------+--------+--------+--------+-----+--------+
         Total |    811 |    786 |     25 |      1 |    673 |   3 |  270.3 |
       Dungeon |    690 |    665 |     25 |      0 |    571 |   2 |  345.0 |
         Abyss |    121 |    121 |      0 |      1 |    102 |   1 |  121.0 |
               +--------+--------+--------+--------+--------+-----+--------+

Top non-repeatable levels by time:
     D:1: 549 daAuts
     D:2: 141 daAuts
 Abyss:1: 121 daAuts
